Blackhawks vs Sabres

Created - Saturday, April 04, 2015 at 00:02

Goals
1 2 3 T
Blackhawks 2 0 1 3
Sabres 3 4 2 9
Shots
1 2 3 T
Blackhawks 12 6 20 38
Sabres 11 18 5 34

1st period

1. Sabres , Steven Stamkos 61 (Sidney Crosby, Henrik Zetterberg) at 9:38 (PP)
2. Sabres , Steven Stamkos 62 (Henrik Zetterberg, Sidney Crosby) at 14:52
3. Blackhawks , Michael Del Zotto 6 (Barret Jackman, Brock Nelson) at 17:36
4. Blackhawks , Brock Nelson 2 (Brent Burns, Andrew Shaw) at 17:48
5. Sabres , David Perron 28 (Blake Wheeler, Brooks Orpik) at 18:39

Penalties :
Blake Wheeler (Buf) for Hooking (Minor) at 1:21, Tyler Toffoli (Chi) for Hooking (Minor) at 8:25, Barret Jackman (Chi) for Hooking (Minor) at 11:11, Will Acton (Chi) for Slashing (Minor) at 14:57

2nd period

6. Sabres , Steven Stamkos 63 (Jay Bouwmeester, Henrik Zetterberg) at 0:32
7. Sabres , Alex Pietrangelo 21 (Jay Bouwmeester, Steven Stamkos) at 11:54
8. Sabres , Steven Stamkos 64 (Sidney Crosby, Henrik Zetterberg) at 12:33 (PP)
9. Sabres , Matt Stajan 9 (Blake Wheeler, David Perron) at 13:08

Penalties :
Barret Jackman (Chi) for Slashing (Minor) at 5:07, Brent Burns (Chi) for Interference (Minor) at 12:12, Eric Brewer (Buf) for Roughing (Minor) at 14:42

3rd period

10. Sabres , Steven Stamkos 65 (Alex Pietrangelo) at 4:32 (SH)
11. Blackhawks , Tyler Toffoli 6 (Jeff Carter) at 16:36
12. Sabres , Steven Stamkos 66 (Sidney Crosby) at 17:27

Penalties :
PA Parenteau (Buf) for Holding (Minor) at 4:01, Barret Jackman (Chi) for Hooking (Minor) at 10:37

Goalie Stats

Jimmy Howard (Chi), 21 saves from 27 shots - (0.778), L, 25-32-6, 32:33 minutes
Craig Anderson (Chi), 4 saves from 7 shots - (0.571), 27:27 minutes
Ondrej Pavelec (Buf), 35 saves from 38 shots - (0.921), W, 20-5-1, 60:00 minutes

Players Stats for Blackhawks

Player Name              G  A  P  +/- PIM S  H  SB GA TA FO     MP     PP MP  PK MP  
------------------------------------------------------------------------------------
Andrew Shaw              0  1  1  -1  0   0  0  0  0  1  5/8    12:30   0:00   0:00 
Barret Jackman           0  1  1   0  6   0  2  0  0  2  0/0    17:12   0:00   1:41 
Brent Burns              0  1  1  -1  2   3  0  1  1  0  0/1    17:12   2:34   1:27 
Brock Nelson             1  1  2  -2  0   2  0  1  0  0  0/0    15:42   3:00   0:00 
Brooks Laich             0  0  0   0  0   1  0  1  0  1  1/2     5:49   0:00   2:41 
Chay Genoway             0  0  0  -2  0   0  0  0  0  0  0/0    13:52   0:00   0:00 
Dustin Byfuglien         0  0  0  -1  0   2  3  0  2  1  0/0    19:41   2:34   3:08 
Jeff Carter              0  1  1  -1  0   4  1  0  2  0  6/11   19:59   2:57   4:53 
Jordie Benn              0  0  0  -1  0   2  1  2  0  3  0/0    21:19   0:00   6:22 
Justin Braun             0  0  0  -2  0   8  0  2  0  3  0/0    19:45   0:00   6:22 
Justin Fontaine          0  0  0   0  0   0  0  0  1  0  0/0    12:44   2:57   0:00 
Martin Hanzal            0  0  0  -2  0   2  2  0  1  0  12/22  20:39   3:00   4:53 
Michael Del Zotto        1  0  1  -1  0   1  0  1  0  2  0/0    18:24   3:23   0:00 
Mike Hoffman             0  0  0  -1  0   0  0  0  0  0  0/0     8:57   0:00   0:00 
Ryan Callahan            0  0  0  -2  0   6  2  2  0  0  0/0    22:14   3:00   4:37 
Torey Krug               0  0  0  -2  0   1  0  3  0  1  0/0    19:00   3:23   0:00 
Tyler Toffoli            1  0  1  -1  2   4  1  1  3  0  0/0    13:19   2:57   0:00 
Will Acton               0  0  0   0  2   2  1  1  0  0  6/12   12:01   0:00   1:56 

Players Stats for Sabres

Player Name              G  A  P  +/- PIM S  H  SB GA TA FO     MP     PP MP  PK MP  
------------------------------------------------------------------------------------
Alec Martinez            0  0  0  -1  0   2  0  1  0  1  0/0    12:58   0:00   1:10 
Alex Pietrangelo         1  1  2   4  0   1  0  3  1  2  0/0    24:49   6:06   3:22 
Blake Wheeler            0  2  2   2  2   6  1  0  2  0  0/1    20:00   4:37   0:16 
Brooks Orpik             0  1  1   1  0   0  0  1  0  1  0/0    19:47   3:24   2:35 
Chris Higgins            0  0  0  -2  0   3  2  1  4  0  1/1    13:29   0:00   0:00 
David Perron             1  1  2   2  0   2  1  0  2  0  0/0    19:19   4:37   0:00 
Dwight King              0  0  0  -2  0   2  0  0  4  0  0/0    12:47   0:00   0:00 
Eric Brewer              0  0  0   1  2   1  1  0  0  1  0/0    18:53   3:24   1:25 
Gustav Nyquist           0  0  0   0  0   0  0  0  0  0  0/0     6:49   0:00   1:18 
Henrik Zetterberg        0  4  4   3  0   2  0  0  1  0  2/3    18:01   4:53   1:05 
Jay Bouwmeester          0  2  2   4  0   3  1  1  0  2  0/0    28:24   6:06   3:22 
Marc-Andre Cliche        0  0  0  -2  0   1  1  0  0  0  5/10   12:47   0:00   0:00 
Matt Bartkowski          0  0  0   0  0   0  1  2  0  0  0/0     3:35   0:00   0:00 
Matt Stajan              1  0  1   2  0   1  0  0  0  0  8/15   19:19   4:37   0:00 
PA Parenteau             0  0  0   0  2   0  0  0  0  0  0/0     4:42   0:00   0:00 
Sidney Crosby            0  4  4   4  0   2  3  0  1  0  10/24  24:49   4:53   4:23 
Stephane Robidas         0  0  0  -1  0   0  1  1  1  0  0/0    11:48   0:00   0:00 
Steven Stamkos           6  1  7   4  0   8  2  0  7  0  0/2    21:39   4:53   4:52 

3 Stars

1 - Steven Stamkos (Buf)
2 - Sidney Crosby (Buf)
3 - Henrik Zetterberg (Buf)

Power Play

Blackhawks - 0 on 3 Attempt(s) - 0.00%
Sabres - 2 on 6 Attempt(s) - 33.33%

Penalty Kill

Blackhawks - 4 on 6 Attempt(s) - 66.67% - Score 0 goal in Penalty Kill
Sabres - 3 on 3 Attempt(s) - 100.00% - Score 1 goal in Penalty Kill

Team Stat

Blackhawks - Hits : 13 - Faceoff Wins : 30 - Blocked Shots : 15 - Penalty Minutes : 12
Sabres - Hits : 14 - Faceoff Wins : 26 - Blocked Shots : 10 - Penalty Minutes : 6

Official

Referees : Unknown
Linesman : Unknown

Game Notes

17:36 of 1st period - Blackhawks goal is going for a video replay. After video review, Goal.
Brooks Laich is injured at 19:42 of 1st period (Strained Left Elbow)
Steven Stamkos has scored a Hat Trick!
Craig Anderson enters game at 12:33 of 2nd period

Finance

Level 1 -- Attendance: 5510 (91.83%) -- Ticket Income $418,760
Level 2 -- Attendance: 5000 (100.00%) -- Ticket Income $215,000
Level 3 -- Attendance: 2000 (100.00%) -- Ticket Income $54,000
Level 4 -- Attendance: 4000 (100.00%) -- Ticket Income $48,000
Luxury Box -- Attendance: 994 (99.40%) -- Ticket Income $170,968
Game was played at the HSBC Arena'
Total Attendance: 17504 (97.24%)
Total Ticket Income: $906,728
Other Income: $444,297
Total Income: $1,351,025

Blackhawks

5 vs 5 Forward 
   Center                   Left Wing                Right Wing               Time % Phy DF OF 
 1 Martin Hanzal            Dustin Byfuglien         Ryan Callahan            30     1   2  2  
 2 Jeff Carter              Mike Hoffman             Tyler Toffoli            25     1   2  2  
 3 Andrew Shaw              Brock Nelson             Brent Burns              25     2   2  1  
 4 Will Acton               Brooks Laich             Justin Fontaine          20     2   2  1  

5 vs 5 Defense 
   Defense                  Defense                                           Time % Phy DF OF 
 1 Barret Jackman           Michael Del Zotto                                 30     1   2  2  
 2 Justin Braun             Chay Genoway                                      30     1   2  2  
 3 Jordie Benn              Torey Krug                                        30     1   2  2  
 4 Barret Jackman           Michael Del Zotto                                 10     1   2  2  

PowerPlay Forward 
   Center                   Left Wing                Right Wing               Time % Phy DF OF 
 1 Jeff Carter              Tyler Toffoli            Justin Fontaine          50     0   1  4  
 2 Martin Hanzal            Brock Nelson             Ryan Callahan            50     0   1  4  

PowerPlay Defense
   Defense                  Defense                                           Time % Phy DF OF 
 1 Brent Burns              Dustin Byfuglien                                  50     0   2  3  
 2 Michael Del Zotto        Torey Krug                                        50     0   2  3  

Penalty Kill 4 Players Forward 
   Center                   Wing                     Time % Phy DF OF 
 1 Brooks Laich             Ryan Callahan            50     1   3  1  
 2 Martin Hanzal            Jeff Carter              50     1   3  1  

Penalty Kill 4 Players Defense
   Defense                  Defense                  Time % Phy DF OF 
 1 Barret Jackman           Dustin Byfuglien         50     2   3  0  
 2 Jordie Benn              Justin Braun             50     2   3  0  

Penalty Kill - 3 Players Forward 
   Forward                                           Time % Phy DF OF 
 1 Ryan Callahan                                     50     1   4  0  
 2 Brooks Laich                                      50     1   4  0  

Penalty Kill - 3 Players Defense
   Defense                  Defense                  Time % Phy DF OF 
 1 Barret Jackman           Dustin Byfuglien         50     1   4  0  
 2 Jordie Benn              Justin Braun             50     1   4  0  

4 vs 4 Forward 
   Center                   Wing                     Time % Phy DF OF 
 1 Jeff Carter              Tyler Toffoli            50     0   2  3  
 2 Martin Hanzal            Ryan Callahan            50     0   2  3  

4 vs 4 Defense
   Defense                  Defense                  Time % Phy DF OF 
 1 Justin Braun             Chay Genoway             50     1   2  2  
 2 Jordie Benn              Torey Krug               50     1   2  2  

Last Minutes Offensive
   Center                   Left Wing                Right Wing               Defense                  Defense                  
   Martin Hanzal            Ryan Callahan            Jeff Carter              Dustin Byfuglien         Michael Del Zotto        

Last Minutes Defensive
   Center                   Left Wing                Right Wing               Defense                  Defense                  
   Martin Hanzal            Brooks Laich             Ryan Callahan            Justin Braun             Barret Jackman           

Goaltenders
Starting : Jimmy Howard             
Backup : Craig Anderson           

Extra Forwards
Normal : Jeff Carter, Tyler Toffoli, Ryan Callahan - PP : Ryan Callahan, Jeff Carter - PK : Ryan Callahan
Extra Defensemen
Normal : Justin Braun, Torey Krug, Dustin Byfuglien - PP : Brent Burns - PK : Justin Braun, Dustin Byfuglien
Penalty Shots
Brooks Laich, Brent Burns, Jeff Carter, Ryan Callahan, Dustin Byfuglien

Sabres

5 vs 5 Forward 
   Center                   Left Wing                Right Wing               Time % Phy DF OF 
 1 Sidney Crosby            Henrik Zetterberg        Steven Stamkos           35     1   2  2  
 2 Matt Stajan              David Perron             Blake Wheeler            30     1   2  2  
 3 Marc-Andre Cliche        Dwight King              Chris Higgins            22     1   2  2  
 4 Sidney Crosby            Gustav Nyquist           PA Parenteau             13     1   2  2  

5 vs 5 Defense 
   Defense                  Defense                                           Time % Phy DF OF 
 1 Jay Bouwmeester          Alex Pietrangelo                                  35     1   2  2  
 2 Brooks Orpik             Eric Brewer                                       30     1   2  2  
 3 Stephane Robidas         Alec Martinez                                     22     1   2  2  
 4 Matt Bartkowski          Jay Bouwmeester                                   13     1   2  2  

PowerPlay Forward 
   Center                   Left Wing                Right Wing               Time % Phy DF OF 
 1 Sidney Crosby            Henrik Zetterberg        Steven Stamkos           60     1   2  2  
 2 Matt Stajan              David Perron             Blake Wheeler            40     1   2  2  

PowerPlay Defense
   Defense                  Defense                                           Time % Phy DF OF 
 1 Jay Bouwmeester          Alex Pietrangelo                                  60     1   2  2  
 2 Brooks Orpik             Eric Brewer                                       40     1   2  2  

Penalty Kill 4 Players Forward 
   Center                   Wing                     Time % Phy DF OF 
 1 Sidney Crosby            Steven Stamkos           60     1   2  2  
 2 Henrik Zetterberg        Blake Wheeler            40     1   2  2  

Penalty Kill 4 Players Defense
   Defense                  Defense                  Time % Phy DF OF 
 1 Jay Bouwmeester          Alex Pietrangelo         60     1   2  2  
 2 Brooks Orpik             Eric Brewer              40     1   2  2  

Penalty Kill - 3 Players Forward 
   Forward                                           Time % Phy DF OF 
 1 Sidney Crosby                                     60     1   2  2  
 2 Steven Stamkos                                    40     1   2  2  

Penalty Kill - 3 Players Defense
   Defense                  Defense                  Time % Phy DF OF 
 1 Jay Bouwmeester          Alex Pietrangelo         60     1   2  2  
 2 Brooks Orpik             Eric Brewer              40     1   2  2  

4 vs 4 Forward 
   Center                   Wing                     Time % Phy DF OF 
 1 Sidney Crosby            Steven Stamkos           60     1   2  2  
 2 Henrik Zetterberg        Blake Wheeler            40     1   2  2  

4 vs 4 Defense
   Defense                  Defense                  Time % Phy DF OF 
 1 Jay Bouwmeester          Alex Pietrangelo         60     1   2  2  
 2 Brooks Orpik             Eric Brewer              40     1   2  2  

Last Minutes Offensive
   Center                   Left Wing                Right Wing               Defense                  Defense                  
   Sidney Crosby            Henrik Zetterberg        Steven Stamkos           Jay Bouwmeester          Alex Pietrangelo         

Last Minutes Defensive
   Center                   Left Wing                Right Wing               Defense                  Defense                  
   Sidney Crosby            Henrik Zetterberg        Steven Stamkos           Jay Bouwmeester          Alex Pietrangelo         

Goaltenders
Starting : Ondrej Pavelec           
Backup : Petr Mrazek              

Extra Forwards
Normal : Chris Higgins, Dwight King, Gustav Nyquist - PP : Chris Higgins, Dwight King - PK : Gustav Nyquist
Extra Defensemen
Normal : Stephane Robidas, Alec Martinez, Matt Bartkowski - PP : Stephane Robidas - PK : Alec Martinez, Matt Bartkowski
Penalty Shots
Sidney Crosby, Steven Stamkos, Henrik Zetterberg, Blake Wheeler, Chris Higgins

% Time on Ice - Blackhawks

Lines # - Real PCT - Wanted PCT - Time Play
Normal Forward
1 - 28% - 30% - 12:38
2 - 22% - 25% - 9:37
3 - 28% - 25% - 12:30
4 - 22% - 20% - 9:48
Normal Defense
1 - 30% - 30% - 13:30
2 - 33% - 30% - 14:42
3 - 32% - 30% - 14:19
4 - 5% - 10% - 2:02
PP Forward
1 - 50% - 50% - 2:57
2 - 50% - 50% - 3:00
PP Defense
1 - 43% - 50% - 2:34
2 - 57% - 50% - 3:23
PK Forward
1 - 49% - 50% - 4:37
2 - 51% - 50% - 4:53
PK Defense
1 - 33% - 50% - 3:08
2 - 67% - 50% - 6:22
PK3 Forward
1 - 0% - 50%
2 - 0% - 50%
PK3 Defense
1 - 0% - 50%
2 - 0% - 50%
44 Forward
1 - 0% - 50%
2 - 0% - 50%
44 Defense
1 - 0% - 50%
2 - 0% - 50%
Last Minute Offensive  - 0:00
Last Minute Defensive  - 0:00
Total
Forward - 60:00
Defense - 60:00

% Time on Ice - Sabres

Lines # - Real PCT - Wanted PCT - Time Play
Normal Forward
1 - 27% - 35% - 11:54
2 - 34% - 30% - 15:09
3 - 29% - 22% - 12:47
4 - 11% - 13% - 4:43
Normal Defense
1 - 34% - 35% - 15:21
2 - 31% - 30% - 13:49
3 - 26% - 22% - 11:48
4 - 8% - 13% - 3:35
PP Forward
1 - 51% - 60% - 4:53
2 - 49% - 40% - 4:37
PP Defense
1 - 64% - 60% - 6:06
2 - 36% - 40% - 3:24
PK Forward
1 - 82% - 60% - 4:52
2 - 18% - 40% - 1:05
PK Defense
1 - 57% - 60% - 3:22
2 - 43% - 40% - 2:35
PK3 Forward
1 - 0% - 60%
2 - 0% - 40%
PK3 Defense
1 - 0% - 60%
2 - 0% - 40%
44 Forward
1 - 0% - 60%
2 - 0% - 40%
44 Defense
1 - 0% - 60%
2 - 0% - 40%
Last Minute Offensive  - 0:00
Last Minute Defensive  - 0:00
Total
Forward - 60:00
Defense - 60:00

Play by Play

1st period


0:01 of 1st period - Sidney Crosby wins face-off versus Martin Hanzal in neutral zone.
0:26 of 1st period - Wrist shot by Sidney Crosby.
0:26 of 1st period - Shot Misses the Net.
0:54 of 1st period - Wrist shot by Jeff Carter.
0:54 of 1st period - Shot Blocked by Alex Pietrangelo.
0:56 of 1st period - Snap shot by Tyler Toffoli.
0:56 of 1st period - Stopped by Ondrej Pavelec without a rebound.
0:57 of 1st period - Matt Stajan wins face-off versus Jeff Carter in Sabres zone.
1:21 of 1st period - Minor Penalty to Blake Wheeler for Hooking.
1:22 of 1st period - Sidney Crosby wins face-off versus Martin Hanzal in Sabres zone.
1:45 of 1st period - Snap shot by Sidney Crosby.
1:45 of 1st period - Shot Misses the Net.
1:47 of 1st period - Snap shot by Jay Bouwmeester.
1:47 of 1st period - Shot Blocked by Michael Del Zotto.
2:21 of 1st period - Wrist shot by Henrik Zetterberg.
2:21 of 1st period - Shot Blocked by Torey Krug.
3:04 of 1st period - Off-side.
3:05 of 1st period - Henrik Zetterberg wins face-off versus Martin Hanzal in neutral zone.
3:14 of 1st period - Wrist shot by Gustav Nyquist.
3:14 of 1st period - Shot Blocked by Ryan Callahan.
3:21 of 1st period - Penalty to Blake Wheeler is over, Blake Wheeler is back on ice.
3:30 of 1st period - Wrist shot by Brent Burns.
3:30 of 1st period - Shot Misses the Net.
3:44 of 1st period - Slapshot by Brent Burns.
3:44 of 1st period - Shot Blocked by Jay Bouwmeester.
3:46 of 1st period - Backhand shot by Brent Burns.
3:46 of 1st period - Stopped by Ondrej Pavelec without a rebound.
3:47 of 1st period - Andrew Shaw wins face-off versus Marc-Andre Cliche in Sabres zone.
3:52 of 1st period - Snap shot by Brent Burns.
3:52 of 1st period - Shot Misses the Net.
4:10 of 1st period - Slapshot by Chris Higgins.
4:10 of 1st period - Deflect By Dwight King.
4:10 of 1st period - Shot Blocked by Brock Nelson.
4:10 of 1st period - Puck is out of play.
4:11 of 1st period - Jeff Carter wins face-off versus Matt Stajan in Blackhawks zone.
4:26 of 1st period - Snap shot by Tyler Toffoli.
4:26 of 1st period - Shot Misses the Net.
4:28 of 1st period - Wrist shot by Mike Hoffman.
4:28 of 1st period - Shot Misses the Net.
4:30 of 1st period - Slapshot by Torey Krug.
4:30 of 1st period - Stopped by Ondrej Pavelec with a rebound.
5:24 of 1st period - Wrist shot by Dwight King.
5:24 of 1st period - Shot Blocked by Justin Braun.
6:26 of 1st period - Andrew Shaw is hit by Steven Stamkos.
6:32 of 1st period - Slapshot by Brent Burns.
6:32 of 1st period - Deflect By Andrew Shaw.
6:32 of 1st period - Shot Blocked by Matt Bartkowski.
6:32 of 1st period - Puck is out of play.
6:33 of 1st period - Andrew Shaw wins face-off versus Sidney Crosby in Sabres zone.
7:20 of 1st period - Ryan Callahan is hit by Chris Higgins and loses puck.
7:29 of 1st period - Snap shot by Dwight King.
7:29 of 1st period - Stopped by Jimmy Howard with a rebound.
7:35 of 1st period - Brooks Orpik is hit by Barret Jackman and loses puck.
7:42 of 1st period - Slapshot by Martin Hanzal.
7:42 of 1st period - Stopped by Ondrej Pavelec with a rebound.
7:44 of 1st period - Slapshot by Jordie Benn.
7:44 of 1st period - Stopped by Ondrej Pavelec without a rebound.
7:45 of 1st period - Jeff Carter wins face-off versus Matt Stajan in Sabres zone.
7:56 of 1st period - Wrist shot by Jeff Carter.
7:56 of 1st period - Shot Blocked by Stephane Robidas.
7:58 of 1st period - Wrist shot by Jeff Carter.
7:58 of 1st period - Shot Misses the Net.
8:25 of 1st period - Minor Penalty to Tyler Toffoli for Hooking.
8:26 of 1st period - Brooks Laich wins face-off versus Sidney Crosby in Blackhawks zone.
8:48 of 1st period - Snap shot by Sidney Crosby.
8:48 of 1st period - Shot Misses the Net.
8:50 of 1st period - Slapshot by Jay Bouwmeester.
8:50 of 1st period - Stopped by Jimmy Howard without a rebound.
8:51 of 1st period - Matt Stajan wins face-off versus Martin Hanzal in Blackhawks zone.
8:52 of 1st period - Snap shot by Blake Wheeler.
8:52 of 1st period - Shot Misses the Net.
9:33 of 1st period - Justin Braun is hit by Steven Stamkos and loses puck.
9:38 of 1st period - Slapshot by Sidney Crosby.
9:38 of 1st period - Deflect By Steven Stamkos.
9:38 of 1st period - Goal by Steven Stamkos - Blackhawks : 0 - Sabres : 1.
9:39 of 1st period - Andrew Shaw wins face-off versus Sidney Crosby in neutral zone.
10:34 of 1st period - Marc-Andre Cliche is hit by Dustin Byfuglien and loses puck.
10:51 of 1st period - Snap shot by Chris Higgins.
10:51 of 1st period - Stopped by Jimmy Howard with a rebound.
11:01 of 1st period - Slapshot by Jay Bouwmeester.
11:01 of 1st period - Stopped by Jimmy Howard with a rebound.
11:03 of 1st period - Slapshot by Alex Pietrangelo.
11:03 of 1st period - Shot Misses the Net.
11:05 of 1st period - Wrist shot by Chris Higgins.
11:05 of 1st period - Shot Blocked by Ryan Callahan.
11:11 of 1st period - Minor Penalty to Barret Jackman for Hooking.
11:12 of 1st period - Matt Stajan wins face-off versus Martin Hanzal in Blackhawks zone.
12:08 of 1st period - Snap shot by Steven Stamkos.
12:08 of 1st period - Shot Misses the Net.
12:27 of 1st period - Eric Brewer is hit by Ryan Callahan and loses puck.
13:11 of 1st period - Penalty to Barret Jackman is over, Barret Jackman is back on ice.
13:15 of 1st period - Dustin Byfuglien is hit by Eric Brewer and loses puck.
13:30 of 1st period - Andrew Shaw is hit by Marc-Andre Cliche and loses puck.
13:49 of 1st period - Wrist shot by Chris Higgins.
13:49 of 1st period - Stopped by Jimmy Howard with a rebound.
13:51 of 1st period - Snap shot by Marc-Andre Cliche.
13:51 of 1st period - Shot Blocked by Jordie Benn.
13:53 of 1st period - Slapshot by Stephane Robidas.
13:53 of 1st period - Shot Blocked by Torey Krug.
13:55 of 1st period - Slapshot by Marc-Andre Cliche.
13:55 of 1st period - Stopped by Jimmy Howard with a rebound.
14:21 of 1st period - Stephane Robidas is hit by Barret Jackman.
14:50 of 1st period - Snap shot by Steven Stamkos.
14:50 of 1st period - Shot Misses the Net.
14:52 of 1st period - Snap shot by Steven Stamkos.
14:52 of 1st period - Goal by Steven Stamkos - Blackhawks : 0 - Sabres : 2.
14:53 of 1st period - Marc-Andre Cliche wins face-off versus Will Acton in neutral zone.
14:57 of 1st period - Minor Penalty to Will Acton for Slashing.
14:58 of 1st period - Matt Stajan wins face-off versus Brooks Laich in Blackhawks zone.
16:57 of 1st period - Penalty to Will Acton is over, Will Acton is back on ice.
17:30 of 1st period - Snap shot by Brock Nelson.
17:30 of 1st period - Stopped by Ondrej Pavelec with a rebound.
17:32 of 1st period - Snap shot by Barret Jackman.
17:32 of 1st period - Shot Blocked by Alec Martinez.
17:34 of 1st period - Slapshot by Michael Del Zotto.
17:34 of 1st period - Shot Misses the Net.
17:36 of 1st period - Snap shot by Michael Del Zotto.
17:36 of 1st period - Deflect By Stephane Robidas.
17:36 of 1st period - Blackhawks goal is going for a video replay.
17:36 of 1st period - The goal is good.
17:36 of 1st period - Goal by Michael Del Zotto - Blackhawks : 1 - Sabres : 2.
17:37 of 1st period - Andrew Shaw wins face-off versus Marc-Andre Cliche in neutral zone.
17:48 of 1st period - Snap shot by Brock Nelson.
17:48 of 1st period - Goal by Brock Nelson - Blackhawks : 2 - Sabres : 2.
17:49 of 1st period - Will Acton wins face-off versus Sidney Crosby in neutral zone.
17:54 of 1st period - Slapshot by Brooks Laich.
17:54 of 1st period - Stopped by Ondrej Pavelec without a rebound.
17:55 of 1st period - Will Acton wins face-off versus Sidney Crosby in Sabres zone.
18:06 of 1st period - Snap shot by Justin Fontaine.
18:06 of 1st period - Shot Misses the Net.
18:08 of 1st period - Slapshot by Justin Braun.
18:08 of 1st period - Stopped by Ondrej Pavelec with a rebound.
18:10 of 1st period - Wrist shot by Will Acton.
18:10 of 1st period - Shot Blocked by Alex Pietrangelo.
18:12 of 1st period - Slapshot by Justin Braun.
18:12 of 1st period - Stopped by Ondrej Pavelec without a rebound.
18:13 of 1st period - Martin Hanzal wins face-off versus Matt Stajan in Sabres zone.
18:39 of 1st period - Wrist shot by David Perron.
18:39 of 1st period - Goal by David Perron - Blackhawks : 2 - Sabres : 3.
18:40 of 1st period - Will Acton wins face-off versus Sidney Crosby in neutral zone.
18:45 of 1st period - Jay Bouwmeester is hit by Jordie Benn and loses puck.
19:08 of 1st period - Snap shot by Sidney Crosby.
19:08 of 1st period - Shot Hit the Post.
19:10 of 1st period - Snap shot by Sidney Crosby.
19:10 of 1st period - Shot Blocked by Torey Krug.
19:12 of 1st period - Slapshot by Steven Stamkos.
19:12 of 1st period - Shot Blocked by Will Acton.
19:14 of 1st period - Wrist shot by Henrik Zetterberg.
19:14 of 1st period - Shot Blocked by Jordie Benn.
19:32 of 1st period - Wrist shot by Blake Wheeler.
19:32 of 1st period - Stopped by Jimmy Howard with a rebound.
19:38 of 1st period - Snap shot by David Perron.
19:38 of 1st period - Deflect By Blake Wheeler.
19:38 of 1st period - Stopped by Jimmy Howard with a rebound.
19:40 of 1st period - Snap shot by Matt Stajan.
19:40 of 1st period - Shot Misses the Net.
19:42 of 1st period - Snap shot by Eric Brewer.
19:42 of 1st period - Shot Blocked by Brooks Laich.
19:42 of 1st period - Brooks Laich from Blackhawks is injured at 19:42 of 1st period (Strained Left Elbow).
19:43 of 1st period - Martin Hanzal wins face-off versus Sidney Crosby in Blackhawks zone.
19:48 of 1st period - Wrist shot by Ryan Callahan.
19:48 of 1st period - Stopped by Ondrej Pavelec without a rebound.
19:49 of 1st period - Martin Hanzal wins face-off versus Steven Stamkos in Sabres zone.
19:59 of 1st period - Off-side.
Goals for this period are 2 for Blackhawks vs 3 for Sabres.
Shots for this period are 12 for Blackhawks vs 11 for Sabres.

2nd period


0:01 of 2nd period - Sidney Crosby wins face-off versus Jeff Carter in neutral zone.
0:06 of 2nd period - Snap shot by Steven Stamkos.
0:06 of 2nd period - Shot Misses the Net.
0:08 of 2nd period - Wrist shot by Henrik Zetterberg.
0:08 of 2nd period - Stopped by Jimmy Howard with a rebound.
0:10 of 2nd period - Wrist shot by Steven Stamkos.
0:10 of 2nd period - Stopped by Jimmy Howard with a rebound.
0:12 of 2nd period - Slapshot by Sidney Crosby.
0:12 of 2nd period - Shot Hit the Post.
0:14 of 2nd period - Slapshot by Sidney Crosby.
0:14 of 2nd period - Stopped by Jimmy Howard with a rebound.
0:26 of 2nd period - Wrist shot by Steven Stamkos.
0:26 of 2nd period - Shot Blocked by Tyler Toffoli.
0:28 of 2nd period - Snap shot by Jay Bouwmeester.
0:28 of 2nd period - Shot Misses the Net.
0:30 of 2nd period - Slapshot by Alex Pietrangelo.
0:30 of 2nd period - Deflect By Henrik Zetterberg.
0:30 of 2nd period - Stopped by Jimmy Howard with a rebound.
0:32 of 2nd period - Slapshot by Jay Bouwmeester.
0:32 of 2nd period - Deflect By Steven Stamkos.
0:32 of 2nd period - Goal by Steven Stamkos - Blackhawks : 2 - Sabres : 4.
0:33 of 2nd period - Matt Stajan wins face-off versus Martin Hanzal in neutral zone.
0:42 of 2nd period - Snap shot by David Perron.
0:42 of 2nd period - Stopped by Jimmy Howard with a rebound.
0:44 of 2nd period - Slapshot by Eric Brewer.
0:44 of 2nd period - Deflect By Blake Wheeler.
0:44 of 2nd period - Stopped by Jimmy Howard without a rebound.
0:45 of 2nd period - Martin Hanzal wins face-off versus Blake Wheeler in Blackhawks zone.
1:18 of 2nd period - Wrist shot by Ryan Callahan.
1:18 of 2nd period - Stopped by Ondrej Pavelec with a rebound.
1:32 of 2nd period - Slapshot by Justin Braun.
1:32 of 2nd period - Stopped by Ondrej Pavelec with a rebound.
2:02 of 2nd period - Snap shot by Jeff Carter.
2:02 of 2nd period - Shot Misses the Net.
2:04 of 2nd period - Snap shot by Mike Hoffman.
2:04 of 2nd period - Shot Misses the Net.
3:17 of 2nd period - Barret Jackman is hit by Sidney Crosby and loses puck.
3:24 of 2nd period - Snap shot by Will Acton.
3:24 of 2nd period - Stopped by Ondrej Pavelec with a rebound.
4:11 of 2nd period - Icing by Matt Stajan.
4:12 of 2nd period - Will Acton wins face-off versus Matt Stajan in Sabres zone.
4:15 of 2nd period - Wrist shot by Jeff Carter.
4:15 of 2nd period - Stopped by Ondrej Pavelec with a rebound.
4:53 of 2nd period - Snap shot by Chris Higgins.
4:53 of 2nd period - Deflect By Dustin Byfuglien.
4:53 of 2nd period - Stopped by Jimmy Howard with a rebound.
4:55 of 2nd period - Slapshot by Eric Brewer.
4:55 of 2nd period - Stopped by Jimmy Howard with a rebound.
5:07 of 2nd period - Minor Penalty to Barret Jackman for Slashing.
5:08 of 2nd period - Will Acton wins face-off versus Sidney Crosby in Blackhawks zone.
6:21 of 2nd period - Icing by Alex Pietrangelo.
6:22 of 2nd period - Sidney Crosby wins face-off versus Will Acton in Sabres zone.
7:07 of 2nd period - Penalty to Barret Jackman is over, Barret Jackman is back on ice.
7:09 of 2nd period - Ryan Callahan is hit by Jay Bouwmeester.
7:45 of 2nd period - Wrist shot by Chris Higgins.
7:45 of 2nd period - Shot Misses the Net.
7:59 of 2nd period - Slapshot by Dwight King.
7:59 of 2nd period - Deflect By Marc-Andre Cliche.
7:59 of 2nd period - Shot Misses the Net.
7:59 of 2nd period - Puck is out of play.
8:00 of 2nd period - Matt Stajan wins face-off versus Jeff Carter in Blackhawks zone.
8:13 of 2nd period - Snap shot by Blake Wheeler.
8:13 of 2nd period - Stopped by Jimmy Howard without a rebound.
8:14 of 2nd period - Matt Stajan wins face-off versus Jeff Carter in Blackhawks zone.
8:25 of 2nd period - Snap shot by David Perron.
8:25 of 2nd period - Shot Blocked by Justin Braun.
8:27 of 2nd period - Snap shot by Alec Martinez.
8:27 of 2nd period - Deflect By Tyler Toffoli.
8:27 of 2nd period - Stopped by Jimmy Howard with a rebound.
8:47 of 2nd period - Wrist shot by Dwight King.
8:47 of 2nd period - Stopped by Jimmy Howard with a rebound.
8:49 of 2nd period - Slapshot by Alec Martinez.
8:49 of 2nd period - Stopped by Jimmy Howard with a rebound.
9:03 of 2nd period - Justin Braun is hit by Stephane Robidas and loses puck.
9:14 of 2nd period - Justin Braun is hit by Matt Bartkowski and loses puck.
9:47 of 2nd period - Sidney Crosby is hit by Martin Hanzal.
10:04 of 2nd period - Wrist shot by Ryan Callahan.
10:04 of 2nd period - Stopped by Ondrej Pavelec without a rebound.
10:05 of 2nd period - Matt Stajan wins face-off versus Will Acton in Sabres zone.
11:46 of 2nd period - Off-side.
11:47 of 2nd period - Sidney Crosby wins face-off versus Andrew Shaw in neutral zone.
11:50 of 2nd period - Snap shot by Steven Stamkos.
11:50 of 2nd period - Shot Misses the Net.
11:52 of 2nd period - Slapshot by Jay Bouwmeester.
11:52 of 2nd period - Stopped by Jimmy Howard with a rebound.
11:54 of 2nd period - Slapshot by Alex Pietrangelo.
11:54 of 2nd period - Goal by Alex Pietrangelo - Blackhawks : 2 - Sabres : 5.
11:55 of 2nd period - Marc-Andre Cliche wins face-off versus Andrew Shaw in neutral zone.
12:12 of 2nd period - Minor Penalty to Brent Burns for Interference.
12:13 of 2nd period - Henrik Zetterberg wins face-off versus Martin Hanzal in Blackhawks zone.
12:33 of 2nd period - Snap shot by Steven Stamkos.
12:33 of 2nd period - Goal by Steven Stamkos - Blackhawks : 2 - Sabres : 6.
12:33 of 2nd period - Craig Anderson enters game.
12:34 of 2nd period - Andrew Shaw wins face-off versus Matt Stajan in neutral zone.
13:06 of 2nd period - Wrist shot by David Perron.
13:06 of 2nd period - Deflect By Blake Wheeler.
13:06 of 2nd period - Stopped by Craig Anderson with a rebound.
13:08 of 2nd period - Snap shot by Matt Stajan.
13:08 of 2nd period - Goal by Matt Stajan - Blackhawks : 2 - Sabres : 7.
13:09 of 2nd period - Sidney Crosby wins face-off versus Martin Hanzal in neutral zone.
14:21 of 2nd period - Jordie Benn is hit by David Perron and loses puck.
14:42 of 2nd period - Minor Penalty to Eric Brewer for Roughing.
14:43 of 2nd period - Martin Hanzal wins face-off versus Sidney Crosby in Sabres zone.
15:38 of 2nd period - Alec Martinez is hit by Tyler Toffoli and loses puck.
16:23 of 2nd period - Wrist shot by Tyler Toffoli.
16:23 of 2nd period - Shot Blocked by Alex Pietrangelo.
16:25 of 2nd period - Slapshot by Dustin Byfuglien.
16:25 of 2nd period - Stopped by Ondrej Pavelec with a rebound.
16:27 of 2nd period - Slapshot by Dustin Byfuglien.
16:27 of 2nd period - Shot Misses the Net.
16:42 of 2nd period - Penalty to Eric Brewer is over, Eric Brewer is back on ice.
16:43 of 2nd period - Snap shot by Ryan Callahan.
16:43 of 2nd period - Shot Misses the Net.
19:07 of 2nd period - Snap shot by Ryan Callahan.
19:07 of 2nd period - Shot Blocked by Matt Bartkowski.
19:27 of 2nd period - Icing by Will Acton.
19:28 of 2nd period - Chris Higgins wins face-off versus Will Acton in Blackhawks zone.
Goals for this period are 0 for Blackhawks vs 4 for Sabres.
Shots for this period are 6 for Blackhawks vs 18 for Sabres.

3rd period


0:01 of 3rd period - Sidney Crosby wins face-off versus Martin Hanzal in neutral zone.
0:06 of 3rd period - Snap shot by Steven Stamkos.
0:06 of 3rd period - Deflect By Sidney Crosby.
0:06 of 3rd period - Shot Misses the Net.
0:06 of 3rd period - Puck is out of play.
0:07 of 3rd period - Martin Hanzal wins face-off versus Sidney Crosby in Blackhawks zone.
0:18 of 3rd period - Snap shot by Martin Hanzal.
0:18 of 3rd period - Shot Misses the Net.
1:03 of 3rd period - Barret Jackman is hit by Blake Wheeler and loses puck.
1:20 of 3rd period - Snap shot by Tyler Toffoli.
1:20 of 3rd period - Stopped by Ondrej Pavelec with a rebound.
1:56 of 3rd period - Wrist shot by Andrew Shaw.
1:56 of 3rd period - Shot Misses the Net.
2:00 of 3rd period - Snap shot by Brent Burns.
2:00 of 3rd period - Stopped by Ondrej Pavelec with a rebound.
2:02 of 3rd period - Snap shot by Jordie Benn.
2:02 of 3rd period - Stopped by Ondrej Pavelec without a rebound.
2:03 of 3rd period - Marc-Andre Cliche wins face-off versus Will Acton in Sabres zone.
3:14 of 3rd period - Alec Martinez is hit by Martin Hanzal and loses puck.
3:47 of 3rd period - Michael Del Zotto is hit by Sidney Crosby and loses puck.
4:01 of 3rd period - Minor Penalty to PA Parenteau for Holding.
4:02 of 3rd period - Jeff Carter wins face-off versus Sidney Crosby in Sabres zone.
4:22 of 3rd period - Slapshot by Dustin Byfuglien.
4:22 of 3rd period - Stopped by Ondrej Pavelec without a rebound.
4:23 of 3rd period - Martin Hanzal wins face-off versus Sidney Crosby in Sabres zone.
4:32 of 3rd period - Snap shot by Steven Stamkos.
4:32 of 3rd period - Goal by Steven Stamkos - Blackhawks : 2 - Sabres : 8.
4:33 of 3rd period - Jeff Carter wins face-off versus Steven Stamkos in neutral zone.
4:38 of 3rd period - Slapshot by Brent Burns.
4:38 of 3rd period - Stopped by Ondrej Pavelec without a rebound.
4:39 of 3rd period - Sidney Crosby wins face-off versus Jeff Carter in Sabres zone.
5:02 of 3rd period - Wrist shot by Steven Stamkos.
5:02 of 3rd period - Stopped by Craig Anderson with a rebound.
5:28 of 3rd period - Gustav Nyquist is hit by Ryan Callahan and loses puck.
5:48 of 3rd period - Icing by Michael Del Zotto.
5:49 of 3rd period - Martin Hanzal wins face-off versus Henrik Zetterberg in Blackhawks zone.
6:00 of 3rd period - Snap shot by Ryan Callahan.
6:00 of 3rd period - Deflect By Henrik Zetterberg.
6:00 of 3rd period - Shot Misses the Net.
6:00 of 3rd period - Puck is out of play.
6:01 of 3rd period - Penalty to PA Parenteau is over, PA Parenteau is back on ice.
6:01 of 3rd period - Will Acton wins face-off versus Marc-Andre Cliche in Sabres zone.
6:08 of 3rd period - Slapshot by Justin Braun.
6:08 of 3rd period - Stopped by Ondrej Pavelec with a rebound.
6:10 of 3rd period - Slapshot by Chay Genoway.
6:10 of 3rd period - Shot Misses the Net.
6:12 of 3rd period - Slapshot by Justin Braun.
6:12 of 3rd period - Stopped by Ondrej Pavelec without a rebound.
6:13 of 3rd period - Marc-Andre Cliche wins face-off versus Will Acton in Sabres zone.
6:22 of 3rd period - Snap shot by Jeff Carter.
6:22 of 3rd period - Shot Misses the Net.
6:24 of 3rd period - Slapshot by Justin Braun.
6:24 of 3rd period - Shot Hit the Post.
6:26 of 3rd period - Slapshot by Jeff Carter.
6:26 of 3rd period - Stopped by Ondrej Pavelec with a rebound.
6:28 of 3rd period - Slapshot by Chay Genoway.
6:28 of 3rd period - Shot Misses the Net.
6:30 of 3rd period - Snap shot by Justin Braun.
6:30 of 3rd period - Shot Blocked by Chris Higgins.
6:32 of 3rd period - Wrist shot by Jeff Carter.
6:32 of 3rd period - Stopped by Ondrej Pavelec with a rebound.
6:34 of 3rd period - Slapshot by Justin Braun.
6:34 of 3rd period - Stopped by Ondrej Pavelec with a rebound.
6:36 of 3rd period - Slapshot by Justin Braun.
6:36 of 3rd period - Deflect By Jeff Carter.
6:36 of 3rd period - Deflect By Chris Higgins.
6:36 of 3rd period - Shot Misses the Net.
6:36 of 3rd period - Puck is out of play.
6:37 of 3rd period - Martin Hanzal wins face-off versus Matt Stajan in Sabres zone.
7:06 of 3rd period - Snap shot by Martin Hanzal.
7:06 of 3rd period - Stopped by Ondrej Pavelec with a rebound.
8:20 of 3rd period - Brooks Orpik is hit by Jeff Carter and loses puck.
8:56 of 3rd period - Wrist shot by Ryan Callahan.
8:56 of 3rd period - Stopped by Ondrej Pavelec with a rebound.
8:58 of 3rd period - Snap shot by Will Acton.
8:58 of 3rd period - Shot Blocked by Brooks Orpik.
9:00 of 3rd period - Slapshot by Jordie Benn.
9:00 of 3rd period - Shot Misses the Net.
9:02 of 3rd period - Slapshot by Jordie Benn.
9:02 of 3rd period - Shot Misses the Net.
9:04 of 3rd period - Slapshot by Jordie Benn.
9:04 of 3rd period - Deflect By Ryan Callahan.
9:04 of 3rd period - Stopped by Ondrej Pavelec with a rebound.
9:06 of 3rd period - Snap shot by Will Acton.
9:06 of 3rd period - Stopped by Ondrej Pavelec without a rebound.
9:07 of 3rd period - Martin Hanzal wins face-off versus Marc-Andre Cliche in Sabres zone.
9:12 of 3rd period - Wrist shot by Ryan Callahan.
9:12 of 3rd period - Stopped by Ondrej Pavelec without a rebound.
9:13 of 3rd period - Marc-Andre Cliche wins face-off versus Martin Hanzal in Sabres zone.
9:13 of 3rd period - Marc-Andre Cliche is hit by Dustin Byfuglien.
10:37 of 3rd period - Minor Penalty to Barret Jackman for Hooking.
10:38 of 3rd period - Martin Hanzal wins face-off versus Sidney Crosby in Blackhawks zone.
10:57 of 3rd period - Slapshot by Steven Stamkos.
10:57 of 3rd period - Shot Misses the Net.
11:25 of 3rd period - Snap shot by David Perron.
11:25 of 3rd period - Deflect By Blake Wheeler.
11:25 of 3rd period - Stopped by Craig Anderson with a rebound.
12:37 of 3rd period - Penalty to Barret Jackman is over, Barret Jackman is back on ice.
13:39 of 3rd period - Wrist shot by Brent Burns.
13:39 of 3rd period - Shot Misses the Net.
13:58 of 3rd period - Gustav Nyquist is hit by Will Acton and loses puck.
15:14 of 3rd period - Dustin Byfuglien is hit by Sidney Crosby and loses puck.
16:06 of 3rd period - Snap shot by Steven Stamkos.
16:06 of 3rd period - Shot Blocked by Brent Burns.
16:32 of 3rd period - Wrist shot by Jeff Carter.
16:32 of 3rd period - Deflect By Tyler Toffoli.
16:32 of 3rd period - Shot Misses the Net.
16:32 of 3rd period - Puck is out of play.
16:33 of 3rd period - Jeff Carter wins face-off versus Sidney Crosby in Sabres zone.
16:36 of 3rd period - Snap shot by Tyler Toffoli.
16:36 of 3rd period - Goal by Tyler Toffoli - Blackhawks : 3 - Sabres : 8.
16:37 of 3rd period - Martin Hanzal wins face-off versus Marc-Andre Cliche in neutral zone.
16:50 of 3rd period - Michael Del Zotto is hit by Chris Higgins and loses puck.
17:15 of 3rd period - Snap shot by Sidney Crosby.
17:15 of 3rd period - Stopped by Craig Anderson without a rebound.
17:16 of 3rd period - Sidney Crosby wins face-off versus Brent Burns in Blackhawks zone.
17:27 of 3rd period - Snap shot by Steven Stamkos.
17:27 of 3rd period - Goal by Steven Stamkos - Blackhawks : 3 - Sabres : 9.
17:28 of 3rd period - Jeff Carter wins face-off versus Matt Stajan in neutral zone.
17:53 of 3rd period - Wrist shot by Tyler Toffoli.
17:53 of 3rd period - Shot Misses the Net.
17:55 of 3rd period - Slapshot by Justin Braun.
17:55 of 3rd period - Deflect By Tyler Toffoli.
17:55 of 3rd period - Stopped by Ondrej Pavelec with a rebound.
17:57 of 3rd period - Snap shot by Chay Genoway.
17:57 of 3rd period - Deflect By Jeff Carter.
17:57 of 3rd period - Stopped by Ondrej Pavelec with a rebound.
17:59 of 3rd period - Backhand shot by Justin Braun.
17:59 of 3rd period - Stopped by Ondrej Pavelec with a rebound.
18:01 of 3rd period - Snap shot by Justin Braun.
18:01 of 3rd period - Deflect By Alex Pietrangelo.
18:01 of 3rd period - Stopped by Ondrej Pavelec with a rebound.
18:25 of 3rd period - Wrist shot by Andrew Shaw.
18:25 of 3rd period - Shot Misses the Net.
18:27 of 3rd period - Wrist shot by Brock Nelson.
18:27 of 3rd period - Deflect By Brent Burns.
18:27 of 3rd period - Shot Misses the Net.
18:27 of 3rd period - Puck is out of play.
18:28 of 3rd period - Sidney Crosby wins face-off versus Andrew Shaw in Sabres zone.
19:39 of 3rd period - Chris Higgins is hit by Dustin Byfuglien and loses puck.
Goals for this period are 1 for Blackhawks vs 2 for Sabres.
Shots for this period are 20 for Blackhawks vs 5 for Sabres.


Output by the SimonT Hockey Simulator (STHS) for Eric Dolegowski -- Original Page W3C XHTML 1.0 Valid
Hockey Simulator - Hockey Simulation - Hockey Manager